 Dungeon Crawl Stone Soup version 0.29-a0-780-g652cadfb38 (webtiles) character file.

Game seed: 13026069955399550134

2957 Lekart the Cleaver (level 9, -3/78 HPs)
             Began as a Purple Draconian Fighter on July 2, 2022.
             Was a High Priest of Qazlal.
             Slain by a two-headed ogre
             ... wielding a +1 dire flail of protection
              (13 damage)
             ... on level 6 of the Dungeon.
             The game lasted 00:15:12 (7325 turns).

Lekart the Cleaver (Purple Draconian Fighter)       Turns: 7325, Time: 00:15:13

Health: -3/78      AC: 11    Str: 21    XL:     9   Next: 52%
Magic:  6/9        EV: 13    Int:  9    God:    Qazlal [*****.]
Gold:   415        SH: 11    Dex: 12    Spells: 8/8 levels left

rFire   . . .      SeeInvis .   a - +1 war axe
rCold   . . .      Faith    .   b - +0 buckler
rNeg    . . .      Spirit   .   (body armour unavailable)
rPois   .          Reflect  .   (helmet restricted)
rElec   .          Harm     .   (no cloak)
rCorr   .          Rampage  .   x - +0 pair of gloves
Will    +....                   (no boots)
Stlth   +.........              (no amulet)
HPRegen 0.23/turn               (no ring)
MPRegen 0.11/turn               (no ring)

@: about to teleport, protected from physical damage, repel missiles
A: breathe power, AC +7, unfitting armour, cold-blooded
a: Breathe Dispelling Energy, Renounce Religion, Upheaval, Elemental Force,
Disaster Area


You were on level 6 of the Dungeon.
You worshipped Qazlal.
Qazlal was extremely pleased with you.
You visited 1 branch of the dungeon, and saw 7 of its levels.
You also visited: Ossuary.

You collected 415 gold pieces.

Inventory:

Hand Weapons
 a - a +1 war axe (weapon)
Armour
 b - a +0 buckler (worn)
 x - a +0 pair of gloves (worn)
Jewellery
 e - a +4 ring of evasion
 n - a ring of protection from fire
 u - an amulet of reflection
Scrolls
 i - 6 scrolls of teleportation
 k - a scroll of poison
 m - 3 scrolls of identify
 q - 3 scrolls of fog {unknown}
 w - a scroll of vulnerability {unknown}
Potions
 c - a potion of might
 d - a potion of brilliance
 f - a potion of heal wounds
 g - 3 potions of resistance
 h - 8 potions of curing
 j - a potion of lignification {unknown}
 l - a potion of haste
 o - 2 potions of invisibility
 p - a potion of magic
 r - 3 potions of degeneration
 s - 2 potions of flight {unknown}
 v - 2 potions of mutation {unknown}


   Skills:
 + Level 6.4 Fighting
 + Level 9.6 Axes
 + Level 5.5 Dodging
 - Level 0.6 Stealth
 + Level 6.5 Shields
 + Level 0.7 Evocations


You had 8 spell levels left.
You didn't know any spells.
Your spell library contained the following spells:

 Spells                   Type           Power      Damage    Failure   Level
 Apportation              Tloc           0%         N/A       45%         1
 Necrotize                Necr           0%         1d4       45%         1
 Summon Small Mammal      Summ           0%         N/A       45%         1
 Poisonous Vapours        Pois/Air       0%         N/A       61%         2
 Corpse Rot               Necr/Pois/Air  0%         N/A       99%         4


Dungeon Overview and Level Annotations

Branches:
Dungeon (7/15)            Ossuary (visited)
 Temple: D:4-7

Altars:
Dithmenos
Elyvilon
Hepliaklqana
Qazlal
Sif Muna
Uskayaw
Yredelemnul

Shops:
D:2 ?


Innate Abilities, Weirdness & Mutations

You can breathe bolts of dispelling energy.
Your rich purple scales are hard. (AC +7)
You cannot fit into any form of body armour.
You are cold-blooded and may be slowed by cold attacks.


Message History

No target in view!
There's nothing to open nearby.
There's nothing to open nearby.
No target in view!
There are no items here.
You climb downwards.
You block the two-headed ogre's attack.
The two-headed ogre hits you but does no damage.
There is a stone staircase leading up here.
You hit the two-headed ogre.
The two-headed ogre is lightly wounded.
The two-headed ogre hits you with a +1 dire flail of protection!
The two-headed ogre hits you with a +0 giant club!!
You are too injured to fight recklessly!
You are too injured to fight recklessly!
You are too injured to fight recklessly!
You block the two-headed ogre's attack.
The two-headed ogre hits you with a +0 giant club!!
* * * LOW HITPOINT WARNING * * *
You feel protected from physical attacks.
You climb upwards.
There is a stone staircase leading down here.
You aren't wearing any rings or amulets.
You aren't wearing any rings or amulets.
As you read the scroll of fear, it crumbles to dust.
You assume a fearsome visage.
The two-headed ogre looks frightened!
You aren't carrying any items that you can evoke.
Aiming: Upheaval
Press: ? - help, Dir - move target, f - two-headed ogre
Aim: a two-headed ogre, wielding a +1 dire flail of protection and a +0 giant club (lightly wounded, fleeing)
A blizzard blasts the area with ice!
The blast of ice hits the two-headed ogre!
The two-headed ogre is moderately wounded.
Your attack snaps the two-headed ogre out of its fear.
The two-headed ogre is flash-frozen.
Okay, then.
As you read the scroll of teleportation, it crumbles to dust.
You feel strangely unstable.
The two-headed ogre is no longer encased in ice.
The two-headed ogre hits you with a +1 dire flail of protection!
You die...

##.# #.# #.#####..........#
##.# #.###............#####
##.#######....|..........##
##..........########.#..##
#.#######..# ##....## #####
#.# #..# #.....####...# #.#
#..# ###..........#.## ##.#
#..# #>O.............# ...#
#..# ##@##....#####.#.# ####
#..###.○.####.# #†#.#
######....<........# #.#.#
#.......###...###### #.#.#
#.####.#####.###########.#.#
# #.#
#.......##..........#.## #
#.# ##########......#####...
# #.# #..#...# ####
#####.#############..##.##


You could see a two-headed ogre.

Vanquished Creatures
  A hornet (D:7)
  2 steam dragons
  An acid dragon (D:6)
  A water moccasin (D:7)
  An orc warrior (D:7)
  A sky beast (D:7)
  2 ogres
  3 centaurs
  A kobold brigand (D:4)
  2 phantoms (D:5)
  A necrophage (D:5)
  5 scorpions
  A water moccasin zombie (D:3)
  2 centaur zombies (Ossuary)
  3 human zombies (Ossuary)
  5 hounds
  An orc priest (D:6)
  A bouda (D:7)
  A jelly (D:5)
  2 iguanas
  7 orc wizards
  A hound zombie (D:3)
  2 hound skeletons (D:3)
  2 mummies (Ossuary)
  6 adders
  10 gnolls
  A shadow imp (D:6)
  2 white imps (D:6)
  An ufetubus (D:5)
  3 adder zombies (Ossuary)
  An adder skeleton (D:3)
  2 worms (D:2)
  2 dart slugs
  16 orcs
  2 ball pythons (D:1)
  5 bats
  6 endoplasms
  7 giant cockroaches
  7 goblins
  7 hobgoblins
  48 kobolds
  3 quokkas (D:2)
  2 frilled lizards (D:1)
  9 hobgoblin zombies (Ossuary)
  12 kobold zombies (Ossuary)
  7 orc zombies (Ossuary)
  4 rats
212 creatures vanquished.

Vanquished Creatures (others)
  4 toadstools (D:1)
4 creatures vanquished.

Grand Total: 216 creatures vanquished

Notes
Turn   | Place    | Note
-------+----------+-------------------------------------------
     0 | D:1      | Lekart the Draconian Fighter began the quest for the Orb.
     0 | D:1      | Reached XP level 1. HP: 19/19 MP: 1/1
   183 | D:1      | Reached XP level 2. HP: 19/26 MP: 2/2
   269 | D:1      | Found a faded altar of an unknown god.
   285 | D:1      | Prayed at the altar of an unknown god.
   285 | D:1      | Became a worshipper of Qazlal Stormbringer
   285 | D:1      | Reached * piety under Qazlal
   990 | D:2      | Reached XP level 3. HP: 20/31 MP: 3/3
  1161 | D:2      | Found Caices's Magic Scroll Boutique.
  1365 | D:2      | Reached skill level 3 in Axes
  1587 | D:2      | Reached ** piety under Qazlal
  1695 | D:2      | Reached XP level 4. HP: 37/40 MP: 4/4
  2065 | D:3      | Noticed a scorpion
  2078 | D:3      | Killed a scorpion
  2079 | D:3      | Reached XP level 5. HP: 17/46 MP: 5/5
  2347 | D:3      | Found a hide-covered altar of Uskayaw.
  2443 | D:3      | Found a basalt altar of Yredelemnul.
  2484 | D:3      | Reached skill level 4 in Axes
  2720 | D:3      | Found a faded altar of an unknown god.
  2720 | D:3      | Found a hazy altar of Hepliaklqana.
  2722 | D:3      | Found a faded altar of an unknown god.
  2920 | D:4      | Reached XP level 6. HP: 53/53 MP: 6/6
  3053 | D:4      | Reached *** piety under Qazlal
  3070 | D:4      | Reached skill level 5 in Axes
  4225 | D:5      | Entered Level 5 of the Dungeon
  4241 | D:5      | Your scales start taking on a rich purple colour.
  4241 | D:5      | Reached XP level 7. HP: 34/60 MP: 7/7
  4328 | D:5      | Reached skill level 6 in Axes
  4548 | D:5      | Reached **** piety under Qazlal
  4579 | D:5      | Reached skill level 5 in Fighting
  4609 | D:5      | Found a sand-covered staircase.
  4613 | Ossuary  | Entered an ossuary
  4680 | Ossuary  | Reached XP level 8. HP: 68/68 MP: 8/8
  4737 | Ossuary  | Reached skill level 7 in Axes
  4748 | Ossuary  | Reached ***** piety under Qazlal
  4944 | D:5      | Reached skill level 5 in Shields
  5108 | D:6      | Reached skill level 8 in Axes
  5960 | D:6      | Found a shadowy altar of Dithmenos.
  6184 | D:6      | Found a shimmering blue altar of Sif Muna.
  6203 | D:6      | Found a white marble altar of Elyvilon.
  6405 | D:7      | Reached skill level 5 in Dodging
  6405 | D:7      | Reached XP level 9. HP: 45/75 MP: 9/9
  6640 | D:7      | Reached skill level 9 in Axes
  7091 | D:7      | Noticed a two-headed ogre
  7325 | D:6      | Slain by a two-headed ogre

Illustrated notes

Levels and vault maps discovered:
D:1:      ldierk_walled_garden_2, layout_basic, ebering_ecumenical_altar_box
D:2:      layout_rooms, serial_shops, shop_fountains
D:3:      layout_basic, eat_drink_and_be_merry_uskayaw,
          nicolae_hepliaklqana_ecumenical_no_more, old_standard_altar,
          serial_undead, serial_undead_f, serial_undead_d, serial_undead_d,
          serial_undead_b
D:4:      minmay_goblin_kobold_castle, layout_cave_pools, minmay_statues_item
D:5:      layout_loops_ring, enter_ossuary_5
D:6:      layout_loops_ring, general_overflow_altar,
          mainiacjoe_overflow_catch_the_wave
D:7:      nzn_winding_woodlands_cross [nzn_winding_woodlands_5x15_sawtooth,
          nzn_winding_woodlands_5x15_twine,
          nzn_winding_woodlands_5x15_sidewinder,
          nzn_winding_woodlands_5x15_river_crossing,
          nzn_winding_woodlands_15x15_killbox], layout_loops_corners,
          temple_hall, nicolae_shop_self_help

Skill      XL: |  1  2  3  4  5  6  7  8  9 |
---------------+----------------------------+-----
Dodging        | 3 4 5 |  5.5
Axes           | 3 4 5 6 8 9 |  9.6
Fighting       | 4 5 6 |  6.4
Shields        | 4 5 6 |  6.5
Stealth        | |  0.6
Evocations     | |  0.7

Action                   |  1- 3 |  4- 6 |  7- 9 || total
-------------------------+-------+-------+-------++-------
Melee: War axe           |    93 |   187 |   243 ||   523
       Tailslap          |    10 |    22 |    30 ||    62
Invok: Upheaval          |       |       |     1 ||     1
Evoke: Wand              |       |     3 |       ||     3
  Use: Scroll            |       |    13 |     2 ||    15
       Potion            |       |     1 |       ||     1
Armor: Skin              |    30 |    57 |    81 ||   168
Dodge: Dodged            |    56 |   125 |   131 ||   312
       Repelled          |       |       |     1 ||     1
Block: Buckler           |    33 |   114 |   130 ||   277

Table legend: (Time is in decaauts)
 A = Elapsed time spent in this place.
 B = Non-inter-level travel time spent in this place.
 C = Inter-level travel time spent in this place.
 D = Time resting spent in this place.
 E = Time spent auto-exploring this place.
 F = Levels seen in this place.
 G = Mean time per level.
                   A        B        C        D        E       F      G
               +--------+--------+--------+--------+--------+-----+--------+
         Total |   7479 |   7346 |    133 |   1253 |   4215 |   8 |  934.9 |
       Dungeon |   7226 |   7093 |    133 |   1230 |   4215 |   7 | 1032.3 |
       Ossuary |    252 |    252 |      0 |     23 |      0 |   1 |  252.0 |
               +--------+--------+--------+--------+--------+-----+--------+

Top non-repeatable levels by time:
     D:4: 1354 daAuts
     D:6: 1351 daAuts
     D:2: 1036 daAuts
     D:1: 999 daAuts
     D:3: 941 daAuts
     D:5: 794 daAuts
     D:7: 748 daAuts
 Ossuary: 252 daAuts
